 Dungeon Crawl Stone Soup version 0.26-a0-651-gb41185065b (webtiles) character file.

Game seed: 4540980029484596839

(classic levelgen) 352 EnegeticOcto the Chopper (level 6, -5/57 HPs)
             Began as a Deep Dwarf Fighter on Sept 30, 2020.
             Was an Initiate of Makhleb.
             Slain by an ogre
             ... wielding a +0 giant club
              (9 damage)
             ... on level 4 of the Dungeon.
             The game lasted 00:01:20 (2277 turns).

EnegeticOcto the Chopper (Deep Dwarf Fighter)       Turns: 2277, Time: 00:01:20

Health: -5/57      AC: 12    Str: 21    XL:     6   Next: 35%
Magic:  6/6        EV:  5    Int:  9    God:    Makhleb [......]
Gold:   190        SH: 10    Dex: 12    Spells: 5/5 levels left

rFire    . . .     SeeInvis .   a - +0 war axe
rCold    . . .     Faith    .   c - +0 kite shield
rNeg     . . .     Spirit   .   p - +0 chain mail
rPois    .         Reflect  .   l - +0 helmet
rElec    .         Harm     .   (no cloak)
rCorr    .         Rampage  .   (no gloves)
MR       .....                  j - +0 pair of boots
Stlth    ..........             (no amulet)
HPRegen  0.00/turn              (no ring)
MPRegen  0.10/turn              (no ring)

@: non-regenerating
A: damage resistance, heal wounds, sense surroundings 1, no regeneration
a: Heal Wounds, Renounce Religion


You were on level 4 of the Dungeon.
You worshipped Makhleb.
Makhleb was noncommittal.
You visited 2 branches of the dungeon, and saw 5 of its levels.

You collected 190 gold pieces.

Inventory:

Hand Weapons
 a - a +0 war axe (weapon)
Armour
 b - a +0 scale mail
 c - a +0 kite shield (worn)
 j - a +0 pair of boots (worn)
 l - a +0 helmet (worn)
 p - a +0 chain mail (worn)
Wands
 o - a wand of paralysis (4)
Scrolls
 e - 2 scrolls of teleportation {unknown}
 f - 4 scrolls of identify {unknown}
 g - 4 scrolls of enchant weapon {unknown}
 i - a scroll of fog {unknown}
 m - a scroll of immolation {unknown}
 n - a scroll of enchant armour {unknown}
 q - a scroll of magic mapping {unknown}
 s - 2 scrolls of random uselessness {unknown}
Potions
 d - a potion of might {@q3}
 h - a potion of ambrosia {unknown}
 k - a potion of lignification {unknown}
 r - a potion of berserk rage {unknown}


   Skills:
 + Level 3.7 Fighting
 * Level 4.9 Axes
 + Level 4.5 Armour
 + Level 4.6 Shields
 + Level 1.1 Invocations


You had 5 spell levels left.
You didn't know any spells.
Your spell library was empty.

Dungeon Overview and Level Annotations

Branches:
Dungeon (4/15)             Temple (1/1) D:4

Altars:
Dithmenos
Fedhas
Gozag
Kikubaaqudgha
Makhleb
Nemelex Xobeh
Okawaru
Qazlal
Sif Muna
Trog
Vehumet
Wu Jian
Yredelemnul


Innate Abilities, Weirdness & Mutations

You are resistant to damage.
You can heal yourself by infusing magical energy.
You passively map a small area around you.
You do not regenerate.


Message History

You kill the orc priest!
Makhleb accepts your kill.
You barely miss the orc. The orc barely misses you.
You hit the orc.
The orc is severely wounded.
You block the orc's attack. x2
You slash the orc!
You kill the orc!
Makhleb accepts your kill.
You slash the orc!
You kill the orc!
Makhleb accepts your kill.
You slash the orc!
You kill the orc!
Makhleb accepts your kill.
No target in view!
No target in view!
No target in view!
No target in view!
No target in view!
No target in view!
No target in view!
No target in view!
No target in view!
No target in view!
No target in view!
No target in view!
No target in view!
No target in view!
No target in view!
No target in view!
No target in view!
No target in view!
No target in view!
s - a scroll labeled NUNORE HUZO
Items here: )))) [[ †.
Items here: )))) [[ †.
You see here a leather armour.
s - 2 scrolls labeled NUNORE HUZO (gained 1)
Found 8 sling bullets.
Found a leather armour.
A worker ant comes into view.
The worker ant twitches its antennae in your direction.
The worker ant moves out of view.
A worker ant is nearby!
The worker ant bites you but does no damage.
A worker ant is nearby!
You slash the worker ant!
The worker ant is almost dead.
You block the worker ant's attack. x2
You closely miss the worker ant.
The worker ant is almost dead.
The worker ant barely misses you.
You closely miss the worker ant.
The worker ant is almost dead.
The worker ant bites you but does no damage.
The worker ant barely misses you.
You slash the worker ant!
You kill the worker ant!
Makhleb accepts your kill.
Your Invocations skill increases to level 1!
No target in view!
No target in view!
No target in view!
No target in view!
No target in view!
No target in view!
No target in view!
An ogre comes into view. It is wielding a +0 giant club.
The ogre shouts!
An ogre is nearby!
An ogre is nearby!
An ogre is nearby!
An ogre is nearby!
You block the ogre's attack.
You hit the ogre.
The ogre is lightly wounded.
You block the ogre's attack.
You hit the ogre.
The ogre is lightly wounded.
The ogre hits you with a +0 giant club!!
You hit the ogre but do no damage.
The ogre is lightly wounded.
The ogre hits you with a +0 giant club!!
* * * LOW HITPOINT WARNING * * *
You are too injured to fight recklessly!
You are too injured to fight recklessly!
You are too injured to fight recklessly!
You are too injured to fight recklessly!
You are too injured to fight recklessly!
You are too injured to fight recklessly!
You are too injured to fight recklessly!
You are too injured to fight recklessly!
You are too injured to fight recklessly!
You are too injured to fight recklessly!
You are too injured to fight recklessly!
You are too injured to fight recklessly!
You are too injured to fight recklessly!
You fail to use your ability.
The ogre hits you with a +0 giant club!
You die...

* * #.# #.### ,*
#...# , ###.# * #
, #.#
,...#####.#######
...............#
###
#####...#####.#
#.. , #@### * #.#
,* #O# #.# * #.#
* #.# #.# * #.# ,
#.# #.# #.# #.#
#.# #.# ...,, *
,, #.. * ###


You could see an ogre.

Vanquished Creatures
  An ogre (D:4)
  A bullfrog skeleton (D:4)
  An orc priest (D:4)
  Ijyb (D:3)
  2 worker ants (D:4)
  Robin (D:3)
  5 adders
  An ooze (D:2)
  2 worms
  2 leopard geckos (D:2)
  4 orcs (D:4)
  3 giant cockroaches
  12 hobgoblins
  3 quokkas
  9 bats
  A frilled lizard (D:2)
  11 goblins
  5 kobolds
  6 rats
71 creatures vanquished.

Notes
Turn   | Place    | Note
-------+----------+-------------------------------------------
     0 | D:1      | EnegeticOcto the Deep Dwarf Fighter began the quest for the
                  | Orb.
     0 | D:1      | Reached XP level 1. HP: 20/20 MP: 1/1
   143 | D:1      | Reached XP level 2. HP: 27/27 MP: 2/2
   372 | D:2      | Reached XP level 3. HP: 30/33 MP: 3/3
   488 | D:2      | Found an iron altar of Okawaru.
   496 | D:2      | Reached XP level 4. HP: 32/42 MP: 4/4
   679 | D:3      | Noticed Robin
   691 | D:3      | Killed Robin
   911 | D:3      | Noticed Ijyb
   921 | D:3      | Paralysed by Ijyb for 4 turns
   926 | D:3      | Killed Ijyb
  1002 | D:4      | Reached XP level 5. HP: 40/49 MP: 5/5
  1021 | D:4      | Noticed an ogre
  1032 | D:4      | Killed an ogre
  1068 | D:4      | Found a staircase to the Ecumenical Temple.
  1118 | Temple   | Entered the Ecumenical Temple
  1139 | Temple   | Became a worshipper of Makhleb the Destroyer
  1219 | D:4      | Reached XP level 6. HP: 41/56 MP: 6/6
  2269 | D:4      | Reached skill level 1 in Invocations
  2277 | D:4      | Slain by an ogre

Illustrated notes

Levels and vault maps discovered:
D:1:      minmay_arrival_loop, layout_rooms, minmay_misc_feat_cross,
          grunt_decor_fettered
D:2:      layout_basic, lemuel_crystal_altar, minmay_joined_circles
D:3:      layout_basic, uniq_robin, uniq_ijyb
D:4:      layout_loops_ring, minmay_temple_entry_grid, uniq_eustachio
Temple:   nicolae_temple_the_god_donut

Skill      XL: |  1  2  3  4  5  6 |
---------------+-------------------+-----
Fighting       | 3 |  3.7
Axes           | 3 4 |  4.9
Shields        | 4 |  4.6
Armour         | 4 |  4.5
Invocations    | 1 |  1.1

Action                   |  1- 3 |  4- 6 || total
-------------------------+-------+-------++-------
Melee: War axe           |    99 |   108 ||   207
 Abil: Heal Wounds       |       |     4 ||     4
Armor: Scale mail        |    48 |    30 ||    78
       Chain mail        |       |    26 ||    26
Dodge: Dodged            |    28 |    31 ||    59
Block: Kite shield       |    67 |    69 ||   136

Table legend: (Time is in decaauts)
 A = Elapsed time spent in this place.
 B = Non-inter-level travel time spent in this place.
 C = Inter-level travel time spent in this place.
 D = Time resting spent in this place.
 E = Time spent auto-exploring this place.
 F = Levels seen in this place.
 G = Mean time per level.
                   A        B        C        D        E       F      G
               +--------+--------+--------+--------+--------+-----+--------+
         Total |   2360 |   2137 |    223 |      0 |   1607 |   5 |  472.0 |
       Dungeon |   2319 |   2115 |    204 |      0 |   1591 |   4 |  579.8 |
        Temple |     40 |     22 |     18 |      0 |     16 |   1 |   40.0 |
               +--------+--------+--------+--------+--------+-----+--------+

Top non-repeatable levels by time:
     D:2: 811 daAuts
     D:3: 713 daAuts
     D:4: 575 daAuts
     D:1: 219 daAuts
  Temple: 40 daAuts
